 Dungeon Crawl Stone Soup version 0.26-a0-648-g87339cca5e (webtiles) character file.

Game seed: 14071238134901871613

4312 Gargoyl the Fighter (level 10, -3/123 HPs)
             Began as a Gnoll Abyssal Knight on Sept 25, 2020.
             Was a Priest of Lugonu.
             Slain by a troll (7 damage)
             ... on level 10 of the Dungeon.
             The game lasted 00:10:36 (9138 turns).

Gargoyl the Fighter (Gnoll Abyssal Knight)          Turns: 9138, Time: 00:10:37

Health: -3/123     AC: 16    Str: 17    XL:     10   Next: 33%
Magic:  17/17      EV: 15    Int: 16    God:    Lugonu [***...]
Gold:   532        SH:  0    Dex: 19    Spells: 19/19 levels left

rFire    + . .     SeeInvis .   A - +6 quarterstaff of Ikuepn {chaos, +Rage rC- Dex+5}
rCold    . . .     Faith    .   (shield currently unavailable)
rNeg     . . .     Spirit   .   u - +4 ring mail
rPois    +         Reflect  .   v - +1 helmet
rElec    .         Harm     .   b - scarf {rC+ rF+}
rCorr    .         Rampage  .   (no gloves)
MR       .....                  d - +2 pair of boots
Stlth    ..........             (no amulet)
HPRegen  0.30/turn              x - ring of poison resistance
MPRegen  0.15/turn              r - ring of attention (curse)

@: berserking (expiring), lethally poisoned (-3 -> -5), slowed
A: distributed training, fangs 1, strong nose
a: Depart the Abyss, Bend Space, Banish, Renounce Religion, Evoke Berserk Rage


You were on level 10 of the Dungeon.
You worshipped Lugonu.
Lugonu was most pleased with you.
You visited 1 branch of the dungeon, and saw 10 of its levels.
You visited the Abyss 1 time.

You collected 532 gold pieces.

Inventory:

Hand Weapons
 a - a +4 hand axe
 q - a +4 hand axe
 A - the +6 quarterstaff of Ikuepn (weapon) {chaos, +Rage rC- Dex+5}
   (You found it on level 8 of the Dungeon)

   Each time it hits an enemy it has a different, random effect.
   It affects your dexterity (+5).
   It makes you vulnerable to cold.
   It lets you go berserk.
Missiles
 o - 17 poisoned darts (quivered)
Armour
 b - a scarf of resistance (worn)
 d - a +2 pair of boots (worn)
 t - a scarf of repulsion
 u - a +4 ring mail (worn)
 v - a +1 helmet (worn)
Jewellery
 r - a cursed ring of attention (right hand)
 x - a ring of poison resistance (left hand)
 B - an uncursed ring of resist corrosion {unknown}
Wands
 n - a wand of flame (22)
 s - a wand of iceblast (12)
 w - a wand of polymorph (13)
 y - a wand of acid (10)
 z - a wand of paralysis (10)
Scrolls
 c - 6 scrolls of teleportation
 i - a scroll of identify
 l - 2 scrolls of holy word
Potions
 f - 5 potions of curing
 h - a potion of resistance
 j - 4 potions of brilliance
 k - a potion of haste
 m - a potion of magic {unknown}
 p - 2 potions of mutation {unknown}


   Skills:
 + Level 8.4 Fighting
 + Level 5.2 Short Blades
 + Level 5.2 Long Blades
 + Level 7.0 Axes
 + Level 5.2 Maces & Flails
 + Level 5.2 Polearms
 + Level 5.2 Staves
 + Level 5.2 Slings
 + Level 5.2 Bows
 + Level 5.2 Crossbows
 + Level 5.2 Throwing
 + Level 7.0 Armour
 + Level 5.8 Dodging
 + Level 5.2 Stealth
 + Level 5.2 Shields
 + Level 5.2 Unarmed Combat
 + Level 5.2 Spellcasting
 + Level 4.2 Conjurations
 + Level 4.2 Hexes
 + Level 4.2 Summonings
 + Level 4.2 Necromancy
 + Level 4.2 Translocations
 + Level 4.2 Transmutations
 + Level 4.2 Fire Magic
 + Level 4.2 Ice Magic
 + Level 4.2 Air Magic
 + Level 4.2 Earth Magic
 + Level 4.2 Poison Magic
 + Level 7.4 Invocations
 + Level 5.2 Evocations


You had 19 spell levels left.
You didn't know any spells.
Your spell library contained the following spells:

 Spells                   Type           Power        Failure   Level
 Magic Dart               Conj           ###.         4%          1
 Blink                    Tloc           N/A          6%          2
 Call Imp                 Summ           ###.....     6%          2
 Slow                     Hex            ###.....     6%          2
 Conjure Flame            Conj/Fire      ###.....     13%         3
 Mephitic Cloud           Conj/Pois/Air  ###.....     13%         3


Dungeon Overview and Level Annotations

Branches:
Dungeon (10/15)            Temple (0/1) D:4
   Lair: D:8-11         Orc: D:9-12

Altars:
Qazlal

Annotations:
Abyss:1 PentaManta's ghost, novice FoAK


Innate Abilities, Weirdness & Mutations

Your experience applies equally to all skills.
You have very sharp teeth.
Your uncanny sense of smell can sniff out nearby items.


Message History

Unknown command.
You miss the hornet.
You feel yourself speed up. The bullfrog barely misses you.
The adder closely misses you. The hornet stings you!
* * * LOW HITPOINT WARNING * * *
You feel yourself slow down.
The bullfrog hits you but does no damage.
The troll misses you. The troll barely misses you.
The troll closely misses you. The adder bites you.
* * * LOW HITPOINT WARNING * * *
You are poisoned.
The adder poisons you! The hornet completely misses you.
You hit the hornet but do no damage.
You feel sick. The bullfrog closely misses you. The hornet stings you.
* * * LOW HITPOINT WARNING * * *
You feel as though you will be slow longer.
The adder barely misses you. The troll barely misses you.
The troll closely misses you. The troll claws you!
You die...

#. #.∆ #.. #...
∆ #..##### ##
#...)<.##...#
..#...FT....#
#.....y@##.>...
......S........
..>.....#..#...
#.........## #.
.#....... .
...#.....#..
...#.....# ..
.# #...... ...


You could see a troll, a hornet, a bullfrog and an adder.

Vanquished Creatures
  A catoblepas (D:9)
  A hippogriff (D:8)
  3 yaks (D:9)
  A wyvern (D:8)
  Eustachio (D:4)
  Duvessa (D:4)
  2 sky beasts (D:8)
  2 orc warriors
  A phantom (D:6)
  An ice beast (D:8)
  A necrophage (D:9)
  3 ogres
  A bullfrog (D:7)
  A water moccasin zombie (D:8)
  4 scorpions
  Dowan (D:4)
  2 howler monkeys (D:5)
  A jelly (D:7)
  6 orc priests
  A gnoll shaman (D:8)
  6 orc wizards
  2 iguanas
  A worker ant (D:4)
  A hound skeleton (D:9)
  A worker ant zombie (D:5)
  13 gnolls
  4 adders
  2 howler monkey skeletons
  A river rat (D:3)
  A shadow imp (D:6)
  4 ufetubi
  4 oozes
  An adder zombie (D:8)
  2 adder skeletons
  3 worms
  4 leopard geckos
  22 orcs
  A ball python (D:1)
  2 giant cockroaches
  7 goblins
  3 hobgoblins
  A quokka (D:5)
  5 bats (D:2)
  4 frilled lizards
  7 kobolds
  11 rats
148 creatures vanquished.

Notes
Turn   | Place    | Note
-------+----------+-------------------------------------------
     0 | Abyss:1  | Gargoyl the Gnoll Abyssal Knight began the quest for the
                  | Orb.
     0 | Abyss:1  | Reached XP level 1. HP: 23/23 MP: 3/3
    50 | Abyss:1  | Noticed an orange demon
    72 | D:1      | Escaped the Abyss
   342 | D:1      | Reached XP level 2. HP: 28/29 MP: 5/5
   498 | D:1      | Reached * piety under Lugonu
   965 | D:1      | Reached XP level 3. HP: 31/35 MP: 6/6
  1415 | D:2      | Reached skill level 1 in Short Blades
  1415 | D:2      | Reached skill level 1 in Long Blades
  1415 | D:2      | Reached skill level 1 in Maces & Flails
  1415 | D:2      | Reached skill level 1 in Polearms
  1415 | D:2      | Reached skill level 1 in Staves
  1415 | D:2      | Reached skill level 1 in Slings
  1415 | D:2      | Reached skill level 1 in Bows
  1415 | D:2      | Reached skill level 1 in Crossbows
  1415 | D:2      | Reached skill level 1 in Throwing
  1415 | D:2      | Reached skill level 1 in Stealth
  1415 | D:2      | Reached skill level 1 in Shields
  1415 | D:2      | Reached skill level 1 in Unarmed Combat
  1415 | D:2      | Reached skill level 1 in Spellcasting
  1415 | D:2      | Reached skill level 1 in Evocations
  1429 | D:2      | Reached XP level 4. HP: 38/41 MP: 7/7
  2209 | D:3      | Reached skill level 1 in Conjurations
  2209 | D:3      | Reached skill level 1 in Hexes
  2209 | D:3      | Reached skill level 1 in Summonings
  2209 | D:3      | Reached skill level 1 in Necromancy
  2209 | D:3      | Reached skill level 1 in Translocations
  2209 | D:3      | Reached skill level 1 in Transmutations
  2209 | D:3      | Reached skill level 1 in Fire Magic
  2209 | D:3      | Reached skill level 1 in Ice Magic
  2209 | D:3      | Reached skill level 1 in Air Magic
  2209 | D:3      | Reached skill level 1 in Earth Magic
  2209 | D:3      | Reached skill level 1 in Poison Magic
  2298 | D:3      | Reached ** piety under Lugonu
  2459 | D:3      | Reached XP level 5. HP: 37/47 MP: 8/8
  2954 | D:4      | Found a staircase to the Ecumenical Temple.
  2971 | D:4      | Noticed Duvessa
  2971 | D:4      | Noticed Dowan
  2992 | D:4      | Killed Dowan
  2994 | D:4      | Killed Duvessa
  2994 | D:4      | Reached skill level 5 in Axes
  2994 | D:4      | Reached skill level 5 in Armour
  2994 | D:4      | Reached skill level 5 in Invocations
  2994 | D:4      | Reached XP level 6. HP: 21/53 MP: 9/9
  3338 | D:4      | Reached XP level 7. HP: 59/59 MP: 10/10
  3586 | D:4      | Noticed Eustachio
  3609 | D:4      | Killed Eustachio
  3609 | D:4      | Reached skill level 7 in Fighting
  3978 | D:5      | Entered Level 5 of the Dungeon
  4575 | D:5      | Reached XP level 8. HP: 48/67 MP: 12/12
  4971 | D:6      | Got a glimmering long sword
  4973 | D:6      | Identified the +0 long sword of Detihel {elec, Fragile
                  | rElec Int+5 Dex+3} (You found it on level 6 of the Dungeon)
  5023 | D:6      | Reached *** piety under Lugonu
  6159 | D:7      | Found a large runed translucent door.
  6160 | D:7      | Found a large runed translucent door.
  6176 | D:7      | Noticed PentaManta's ghost (novice FoAK)
  6592 | D:7      | Banished PentaManta's ghost
  6592 | D:7      | Reached XP level 9. HP: 64/73 MP: 14/14
  7396 | D:8      | Reached skill level 5 in Dodging
  7640 | D:8      | Reached skill level 8 in Fighting
  7901 | D:8      | Got an ichor-stained quarterstaff
  7902 | D:8      | Identified the +6 quarterstaff of Ikuepn {chaos, +Rage rC-
                  | Dex+5} (You found it on level 8 of the Dungeon)
  8508 | D:9      | Noticed a catoblepas
  8520 | D:9      | Killed a catoblepas
  8520 | D:9      | Reached skill level 5 in Short Blades
  8520 | D:9      | Reached skill level 5 in Long Blades
  8520 | D:9      | Reached skill level 5 in Maces & Flails
  8520 | D:9      | Reached skill level 5 in Polearms
  8520 | D:9      | Reached skill level 5 in Staves
  8520 | D:9      | Reached skill level 5 in Slings
  8520 | D:9      | Reached skill level 5 in Bows
  8520 | D:9      | Reached skill level 5 in Crossbows
  8520 | D:9      | Reached skill level 5 in Throwing
  8520 | D:9      | Reached skill level 5 in Stealth
  8520 | D:9      | Reached skill level 5 in Shields
  8520 | D:9      | Reached skill level 5 in Unarmed Combat
  8520 | D:9      | Reached skill level 5 in Spellcasting
  8520 | D:9      | Reached skill level 5 in Evocations
  8520 | D:9      | Reached XP level 10. HP: 32/81 MP: 15/17
  8755 | D:9      | Found a stormy altar of Qazlal.
  9126 | D:10     | Entered Level 10 of the Dungeon
  9137 | D:10     | HP: 6/123 [hornet (9)]
  9138 | D:10     | Slain by a troll

Illustrated notes

Levels and vault maps discovered:
D:1:      onia_arrival_handbag, layout_loops_ring
D:2:      layout_basic
D:3:      layout_loops_cross, gup_sewer_entry_spiral
D:4:      layout_cave_pods, minmay_temple_entry_statues_pillars, serial_rivers,
          chequers_serial_rivers_room_a, chequers_serial_rivers_room_a,
          chequers_serial_rivers_marsh, chequers_serial_rivers_micro_a,
          uniq_eustachio, uniq_duvessa
D:5:      layout_rooms
D:6:      layout_basic, hex_medium
D:7:      layout_basic, ebering_ghost_disaster_area
D:8:      layout_loops_ring
D:9:      layout_stronghold, bloody_makhleb, david_orc_4, enter_bailey_3,
          grunt_qazlal_sundering
D:10:     layout_rooms, muffindrake_ghost_dual_entry, serial_shops,
          nicolae_shop_stone, basic_altar, minmay_misc_feat_four_crosses,
          uniq_snorg, uniq_maggie

Skill      XL: |  1  2  3  4  5  6  7  8  9 10 |
---------------+-------------------------------+-----
Short Blades   | 1 2 3 5 |  5.2
Long Blades    | 1 2 3 5 |  5.2
Maces & Flails | 1 2 3 5 |  5.2
Polearms       | 1 2 3 5 |  5.2
Staves         | 1 2 3 5 |  5.2
Slings         | 1 2 3 5 |  5.2
Bows           | 1 2 3 5 |  5.2
Crossbows      | 1 2 3 5 |  5.2
Throwing       | 1 2 3 5 |  5.2
Stealth        | 1 2 3 5 |  5.2
Shields        | 1 2 3 5 |  5.2
Unarmed Combat | 1 2 3 5 |  5.2
Spellcasting   | 1 2 3 5 |  5.2
Evocations     | 1 2 3 5 |  5.2
Conjurations   | 1 2 3 4 |  4.2
Hexes          | 1 2 3 4 |  4.2
Summonings     | 1 2 3 4 |  4.2
Necromancy     | 1 2 3 4 |  4.2
Translocations | 1 2 3 4 |  4.2
Transmutations | 1 2 3 4 |  4.2
Fire Magic     | 1 2 3 4 |  4.2
Ice Magic      | 1 2 3 4 |  4.2
Air Magic      | 1 2 3 4 |  4.2
Earth Magic    | 1 2 3 4 |  4.2
Poison Magic   | 1 2 3 4 |  4.2
Dodging        | 3 4 5 |  5.8
Axes           | 5 6 7 |  7.0
Armour         | 5 6 7 |  7.0
Invocations    | 5 6 7 |  7.4
Fighting       | 7 8 |  8.4

Action                   |  1- 3 |  4- 6 |  7- 9 | 10-12 || total
-------------------------+-------+-------+-------+-------++-------
Melee: Hand axe          |    78 |   126 |   308 |       ||   512
       Bite              |    11 |     8 |    48 |     8 ||    75
       Punch             |       |       |     7 |       ||     7
       Quarterstaff      |       |       |    30 |    46 ||    76
Throw: Dart              |       |    11 |    36 |       ||    47
Invok: Depart the Abyss  |     1 |       |       |       ||     1
       Banish            |       |       |     1 |       ||     1
       Bend Space        |       |       |       |     1 ||     1
 Abil: Evoke Berserk Rag |       |       |       |     1 ||     1
  Use: Scroll            |     5 |     5 |    15 |     1 ||    26
       Potion            |       |     4 |       |     1 ||     5
 Stab: Sleeping          |       |     2 |       |     1 ||     3
       Paralysed         |       |       |     1 |       ||     1
Armor: Leather armour    |     6 |       |       |       ||     6
       Scale mail        |    49 |    61 |   163 |       ||   273
       Ring mail         |       |       |     5 |    43 ||    48
Dodge: Dodged            |    55 |    66 |   224 |    85 ||   430

Table legend: (Time is in decaauts)
 A = Elapsed time spent in this place.
 B = Non-inter-level travel time spent in this place.
 C = Inter-level travel time spent in this place.
 D = Time resting spent in this place.
 E = Time spent auto-exploring this place.
 F = Levels seen in this place.
 G = Mean time per level.
                   A        B        C        D        E       F      G
               +--------+--------+--------+--------+--------+-----+--------+
         Total |   9200 |   8998 |    202 |   1804 |   5625 |  11 |  836.4 |
       Dungeon |   9128 |   8926 |    202 |   1804 |   5577 |  10 |  912.8 |
         Abyss |     72 |     72 |      0 |      0 |     48 |   1 |   72.0 |
               +--------+--------+--------+--------+--------+-----+--------+

Top non-repeatable levels by time:
     D:4: 1280 daAuts
     D:7: 1265 daAuts
     D:8: 1148 daAuts
     D:1: 1011 daAuts
     D:6: 993 daAuts
     D:3: 951 daAuts
     D:5: 943 daAuts
     D:9: 801 daAuts
     D:2: 722 daAuts
 Abyss:1: 72 daAuts
    D:10: 12 daAuts
